 Dungeon Crawl Stone Soup version 0.25.0-46-gbd7b0854d2 (webtiles) character file.

Game seed: 1183321124221737872

2531 Elvor the Quickloader (level 9, -20/82 HPs)
             Began as a Minotaur Hunter on July 16, 2020.
             Was an Initiate of Okawaru.
             Killed from afar by an ogre mage (31 damage)
             ... with a bolt of fire
             ... on level 7 of the Dungeon.
             The game lasted 00:59:52 (6099 turns).

Elvor the Quickloader (Minotaur Hunter)             Turns: 6099, Time: 00:59:52

Health: -20/82     AC: 15    Str: 20    XL:     9   Next: 30%
Magic:  8/8        EV:  9    Int:  8    God:    Okawaru [......]
Gold:   330        SH:  0    Dex: 11    Spells: 8/8 levels left

rFire    . . .     SeeInvis +   a - +1 hand crossbow
rCold    + . .     Gourm    .   (no shield)
rNeg     . . .     Faith    .   I - +4 chain mail {rC+}
rPois    .         Spirit   .   j - +1 hat
rElec    .         Reflect  .   (no cloak)
rCorr    .         Harm     .   (no gloves)
MR       .....                  (no boots)
Stlth    ..........             (no amulet)
HPRegen  0.23/turn              p - ring of see invisible
MPRegen  0.11/turn              M - ring of stealth

@: no status effects
A: retaliatory headbutt, horns 2
a: Renounce Religion


You were on level 7 of the Dungeon.
You worshipped Okawaru.
Okawaru was noncommittal.
You were not hungry.

You visited 2 branches of the dungeon, and saw 10 of its levels.

You collected 438 gold pieces.
You spent 108 gold pieces at shops.

Inventory:

Hand Weapons
 a - a +1 hand crossbow (weapon)
 b - a +0 short sword
 h - a +2 dagger of speed
 t - a +2 dagger of venom
 w - a +2 dagger of holy wrath
 L - a +2 vorpal hand axe
 R - a +2 war axe of freezing
 S - a +0 hand axe of flaming
Missiles
 d - 53 bolts (quivered)
 n - 30 poisoned darts
 B - 6 boomerangs
 E - 6 javelins
Armour
 e - a +0 plate armour
 j - a +1 hat (worn)
 u - the +4 helmet of Philately {Harm Int-5 SInv}
   (You took it off Robin on level 3 of the Dungeon)

   It affects your intelligence (-5).
   It lets you see invisible.
   It increases damage dealt and taken.
 H - the +4 ring mail "Uxawk" {rPois}
   (You found it on level 6 of the Dungeon)

   It protects you from poison.
 I - a +4 chain mail of cold resistance (worn)
 K - a +3 scale mail of fire resistance
Jewellery
 p - a ring of see invisible (left hand)
 x - an uncursed ring of positive energy
 M - a ring of stealth (right hand)
 Q - an uncursed ring of positive energy
 T - an uncursed amulet of regeneration {unknown}
Wands
 i - a wand of acid (10)
 m - a wand of flame (23)
 J - a wand of random effects (40)
 N - a wand of iceblast (6)
Scrolls
 c - a scroll of amnesia {unknown}
 g - 3 scrolls of blinking
 k - 3 scrolls of teleportation
 y - 2 scrolls of immolation
 z - 2 scrolls of remove curse
 C - 3 scrolls of enchant armour
 O - a scroll of fear {unknown}
 P - a scroll of random uselessness {unknown}
 U - a scroll of magic mapping {unknown}
 V - a scroll of acquirement {unknown}
Potions
 l - 2 potions of might
 o - 3 potions of lignification
 q - a potion of ambrosia {unknown}
 r - 3 potions of brilliance
 s - 4 potions of curing
 v - 3 potions of degeneration
 A - 2 potions of invisibility {unknown}
 D - 5 potions of mutation
 F - 2 potions of haste {unknown}
 G - a potion of magic {unknown}
Comestibles
 f - 15 rations
 W - 2 chunks of flesh


   Skills:
 * Level 8.8 Fighting
 + Level 2.2 Short Blades
 + Level 2.5 Axes
 + Level 9.5 Crossbows
 + Level 1.7 Throwing
 * Level 6.1 Armour
 + Level 3.0 Dodging
 + Level 1.6 Stealth


You had 8 spell levels left.
You didn't know any spells.
Your spell library was empty.

Dungeon Overview and Level Annotations

Branches:
Dungeon (9/15)             Temple (1/1) D:4
   Lair: D:8-11         Orc: D:9-12

Altars:
Ashenzari
Cheibriados
Dithmenos
Elyvilon
Fedhas
Gozag
Hepliaklqana
Kikubaaqudgha
Makhleb
Nemelex Xobeh
Okawaru
Qazlal
Ru
Sif Muna
Trog
Uskayaw
Vehumet
Wu Jian
Xom
Zin
The Shining One

Shops:
D:4 !

Annotations:
D:6 2 transporters, Whatever1234's ghost, novice MiFi


Innate Abilities, Weirdness & Mutations

You reflexively headbutt those who attack you in melee.
You have a pair of horns on your head.


Message History

You hear an angry hiss.
The giant cockroach waves its antennae.
You are feeling hungry.
The giant cockroach barely misses you. You furiously retaliate!
You headbutt the giant cockroach.
The ogre mage points at you and mumbles some strange words.
The bolt of fire hits the giant cockroach!!
The giant cockroach dies!
The bolt of fire hits you!!
* * * LOW HITPOINT WARNING * * *
Things that are here:
a +0 shortbow; 17 arrows; a centaur skeleton
There is an open door here.
You see here an arrow.
Eating one of 3 chunks of flesh.
You eat one of the 3 chunks of flesh.
This raw flesh tastes terrible.
The ogre mage is too close now for your liking.
The ogre mage points at you and mumbles some strange words.
The bolt of fire hits you!!
You die...

....## #. ...#### .......#.
......########### ......#.
......#....'....# .....#.
......#....#....# ...O#.
..#...#....#....# Y..#.
..##..#>...#....# ..#.
..#...#########'##############'#.
####....####....@...8#.........#.
#....#..#.........#.........#.
##......#........(#....O....#>
###....#8........O)†.......#.
#.....#####################.
##.......#.......#.#.........
#..........###.###.#.........
#........### #.##.........##.
###.....## ###.###.......)...


You could see an ogre mage.

Vanquished Creatures
  A hippogriff (D:5)
  Eustachio (D:5)
  Duvessa (D:5)
  2 orc warriors (D:6)
  A black bear (D:8)
  A phantom (D:4)
  2 ogres (D:4)
  2 centaurs
  A big kobold (D:7)
  Blork the orc (D:6)
  2 bullfrogs
  A water moccasin zombie (D:5)
  2 scorpions (D:6)
  Dowan (D:5)
  A wight (D:6)
  2 howler monkeys
  2 crimson imps
  5 hounds
  2 orc priests
  Jessica (D:2)
  Ijyb (D:5)
  2 orc wizards
  3 iguanas
  2 worker ants
  A hound zombie (D:6)
  A hound skeleton (D:7)
  Robin (D:3)
  A howler monkey skeleton (D:7)
  2 worker ant zombies
  5 gnolls
  8 adders
  A shadow imp (D:8)
  3 oozes
  An adder zombie (D:5)
  An adder skeleton (D:5)
  2 worms (D:3)
  3 leopard geckos
  24 orcs
  4 giant cockroaches
  17 goblins
  7 hobgoblins
  5 jackals
  12 kobolds
  A quokka (D:7)
  2 ball pythons
  A bat (D:1)
  6 frilled lizards
  A jackal zombie (D:5)
  2 quokka skeletons
  8 rats
160 creatures vanquished.

Vanquished Creatures (others)
  A giant cockroach (D:7)
1 creature vanquished.

Grand Total: 161 creatures vanquished

Notes
Turn   | Place    | Note
-------+----------+-------------------------------------------
     0 | D:1      | Elvor the Minotaur Hunter began the quest for the Orb.
     0 | D:1      | Reached XP level 1. HP: 18/18 MP: 0/0
   291 | D:1      | Reached XP level 2. HP: 25/25 MP: 1/1
   295 | D:1      | Reached skill level 5 in Crossbows
   752 | D:1      | Reached XP level 3. HP: 30/30 MP: 2/2
  1063 | D:2      | Reached XP level 4. HP: 38/38 MP: 3/3
  1078 | D:2      | Reached skill level 6 in Crossbows
  1312 | D:2      | Found a shimmering altar of Xom.
  1349 | D:2      | Noticed Jessica
  1353 | D:2      | Killed Jessica
  1495 | D:3      | Found a shimmering blue altar of Sif Muna.
  1546 | D:3      | Reached skill level 1 in Stealth
  1549 | D:3      | Identified the +4 helmet of Philately {Harm Int-5 SInv}
  1549 | D:3      | Noticed Robin
  1560 | D:3      | Killed Robin
  1560 | D:3      | Reached XP level 5. HP: 42/45 MP: 4/4
  1584 | D:3      | Found a bloodstained altar of Trog.
  2050 | D:3      | Found a glowing golden altar of the Shining One.
  2061 | D:3      | Found a sparkling altar of Nemelex Xobeh.
  2139 | D:4      | Noticed an ogre
  2152 | D:4      | Killed an ogre
  2152 | D:4      | Reached skill level 7 in Crossbows
  2234 | D:4      | Reached skill level 1 in Armour
  2292 | D:4      | Noticed an ogre
  2296 | D:4      | Killed an ogre
  2296 | D:4      | Reached XP level 6. HP: 53/53 MP: 5/5
  2508 | D:4      | Found Xode's Distillery.
  2516 | D:4      | Bought a potion of degeneration for 12 gold pieces
  2516 | D:4      | Bought a potion of mutation for 96 gold pieces
  2622 | D:4      | Found a staircase to the Ecumenical Temple.
  2678 | Temple   | Entered the Ecumenical Temple
  2793 | D:4      | Found a stormy altar of Qazlal.
  2920 | D:5      | Entered Level 5 of the Dungeon
  2999 | D:5      | Reached skill level 5 in Fighting
  2999 | D:5      | Reached XP level 7. HP: 61/61 MP: 6/6
  3053 | D:5      | Found an ancient bone altar of Kikubaaqudgha.
  3143 | D:5      | Noticed Dowan
  3147 | D:5      | Killed Dowan
  3154 | D:5      | Noticed Duvessa
  3171 | D:5      | HP: 2/61 [Duvessa/+0 rapier (9)]
  3173 | D:5      | Killed Duvessa
  3173 | D:5      | Reached skill level 8 in Crossbows
  3224 | D:5      | Found a hazy altar of Hepliaklqana.
  3320 | D:5      | Noticed Ijyb
  3320 | D:5      | Noticed a hippogriff
  3340 | D:5      | Killed a hippogriff
  3349 | D:5      | Killed Ijyb
  3394 | D:5      | Found a glowing silver altar of Zin.
  3396 | D:5      | Found a sacrificial altar of Ru.
  3559 | D:5      | Noticed Eustachio
  3581 | D:5      | Killed Eustachio
  3581 | D:5      | Reached skill level 1 in Short Blades
  3581 | D:5      | Reached XP level 8. HP: 61/71 MP: 7/7
  3867 | D:6      | Got a spiked ring mail
  3878 | D:6      | Identified the +4 ring mail "Uxawk" {rPois} (You found it
                  | on level 6 of the Dungeon)
  4280 | D:6      | Noticed Blork the orc
  4282 | D:6      | Killed Blork the orc
  4287 | D:6      | Reached skill level 1 in Throwing
  4571 | D:6      | Reached skill level 9 in Crossbows
  4581 | D:6      | Reached skill level 1 in Axes
  4581 | D:6      | Reached skill level 5 in Armour
  4751 | D:6      | Found a transporter.
  4758 | D:6      | Found a transporter.
  4758 | D:6      | Noticed Whatever1234's ghost (novice MiFi)
  4898 | D:6      | Found an iron altar of Okawaru.
  4918 | D:6      | Became a worshipper of Warmaster Okawaru
  5156 | D:7      | Reached XP level 9. HP: 81/81 MP: 8/8
  5641 | D:8      | Found an ancient bone altar of Kikubaaqudgha.
  6084 | D:7      | Noticed an ogre mage
  6099 | D:7      | Killed from afar by an ogre mage

Illustrated notes

Levels and vault maps discovered:
D:1:      dpeg_arrival_water_fire, layout_basic
D:2:      layout_loops_cross, lemuel_round_altar, uniq_jessica
D:3:      layout_loops_cross, amethyst_overflow_temple_binary, bloody_trog,
          tgw_sif, first_ration, nrook_mini_backslash, uniq_robin
D:4:      layout_basic, minmay_temple_entry_gardened_gates, serial_shops, shop,
          grunt_qazlal_sundering
D:5:      layout_loops_ring, minitemple, lemuel_coloured_pillars_altar,
          basic_altar, minmay_misc_feat_square, uniq_ijyb, uniq_duvessa,
          uniq_eustachio
D:6:      minmay_chambers_of_threes, layout_basic, okawaru_altar_gauntlet_db,
          gammafunk_ghost_mausoleum, kennysheep_pointless_box,
          uniq_blork_the_orc
D:7:      minmay_klotski, layout_cave_pools
D:8:      layout_cave_pools, kiku_gazebo_pond_becter, special_room
          [special_room_orc]
D:9:      layout_long_grid, yredelemnul_altar_generic, serial_shops,
          nicolae_shop_behind_doors, the_bakery
Temple:   minmay_temple_curvy_loop

Skill      XL: |  1  2  3  4  5  6  7  8  9 |
---------------+----------------------------+-----
Crossbows      | 5 6 7 8 9 |  9.5
Fighting       | 3 4 5 6 7 8 |  8.8
Stealth        | 1 |  1.6
Armour         | 1 2 4 5 6 |  6.1
Short Blades   | 1 2 |  2.2
Throwing       | 1 |  1.7
Axes           | 1 2 |  2.5
Dodging        | 3 |  3.0

Action                   |  1- 3 |  4- 6 |  7- 9 || total
-------------------------+-------+-------+-------++-------
Melee: Short sword       |     1 |       |       ||     1
       Dagger            |     4 |    28 |    74 ||   106
       Headbutt          |       |     5 |    14 ||    19
       Hand axe          |       |       |    32 ||    32
       War axe           |       |       |    27 ||    27
 Fire: Hand crossbow     |    74 |    86 |   175 ||   335
Throw: Dart              |       |       |    18 ||    18
  Use: Scroll            |       |     4 |     7 ||    11
       Potion            |       |       |     4 ||     4
  Eat: Chunk             |       |     6 |     7 ||    13
       Ration            |       |       |     1 ||     1
Armor: Leather armour    |     1 |     2 |       ||     3
       Chain mail        |       |       |   148 ||   148
Dodge: Dodged            |     4 |    18 |    97 ||   119
